 Dungeon Crawl Stone Soup version 0.16.2 (webtiles) character file.

8150 RepoMan the Cleaver (level 11, -3/86 HPs)
             Began as a Ghoul Warper on Aug 11, 2015.
             Was a Believer of Qazlal.
             Slain by a centaur warrior (7 damage)
             ... on level 13 of the Dungeon on Aug 12, 2015.
             The game lasted 02:23:28 (14645 turns).

RepoMan the Cleaver (Ghoul Warper)                 Turns: 14645, Time: 02:23:28

Health: -3/86      AC:  8    Str: 21    XL:     11   Next: 26%
Magic:  24/25      EV: 13    Int:  8    God:    Qazlal [**....]
Gold:   417        SH:  3    Dex:  9    Spells: 3 memorised, 19 levels left

rFire  . . .     SeeInvis .     a - +4 war axe
rCold  + . .     Clarity  .     b - +0 leather armour
rNeg   + + +     SustAb   +     (no shield)
rPois  ∞         Gourm    .     F - +0 helmet
rElec  .         Spirit   .     (no cloak)
rCorr  .         Warding  +     k - +2 pair of gloves {Str+3}
rMut   .         Stasis   .     (no boots)
MR     .....                    G - amulet of warding
Stlth  +.........               (no ring)
                                w - ring of sustain abilities

@: very slightly contaminated, rotting, hasted, very quick, not resistant to
hostile enchantments, very unstealthy
A: rotting body, claws 1, carnivore 3, cold resistance 1, negative energy
resistance 3, poison resistance, slow healing 1, torment resistance, unbreathing
a: Upheaval, Renounce Religion


You were on level 13 of the Dungeon.
You worshipped Qazlal.
Qazlal was pleased with you.
You were not hungry.

You visited 3 branches of the dungeon, and saw 14 of its levels.
You also visited: Ossuary.

You collected 592 gold pieces.
You spent 175 gold pieces at shops.

Inventory:

Hand weapons
 a - a +4 war axe (weapon)
 h - a +0 dagger of electrocution
 L - a +0 blowgun
 R - the +6 hunting sling of Sin {speed, Str+2}
   (You found it on level 1 of the Lair of Beasts)

   Attacks with this weapon are significantly faster.
   It affects your strength (+2).
Missiles
 p - 2 javelins of returning (quivered)
 u - 2 tomahawks
 v - 4 needles of sleeping
 M - 23 poisoned needles
Armour
 b - a +0 leather armour (worn)
 g - a +0 chain mail
 k - a +2 pair of gloves of strength (worn)
 o - a +0 chain mail
 t - a +0 ring mail
 E - a +0 ring mail
 F - a +0 helmet (worn)
Rods
 H - a -2 lightning rod (0/13)
   (You found it on level 7 of the Dungeon)
Jewellery
 w - a ring of sustain abilities (left hand)
 G - an amulet of warding (around neck)
 S - an uncursed ring of protection from magic {unknown}
Magical devices
 e - a wand of paralysis (0)
 y - a wand of draining (3)
 A - a wand of random effects (17)
 B - a wand of cold (0)
Scrolls
 f - 7 scrolls of identify
 i - 2 scrolls of remove curse
 j - 2 scrolls of fog
 m - a scroll of silence {unknown}
 s - 2 scrolls of immolation
 K - a scroll of teleportation
 T - a scroll of magic mapping {unknown}
Potions
 d - a potion of brilliance
 n - 2 potions of berserk rage {unknown}
 q - a potion of flight
 x - a potion of cancellation
 C - a potion of might {unknown}
 D - 2 potions of restore abilities
 J - a potion of invisibility {unknown}
 O - 2 potions of haste
 P - a potion of resistance
Books
 c - a book of Spatial Translocations

   Spells                             Type                      Level
   a - Apportation                    Translocation                1
   b - Blink                          Translocation                2
   c - Shroud of Golubria             Charms/Translocation         2
   d - Portal Projectile              Translocation                3
   e - Teleport Other                 Translocation                3
   f - Passage of Golubria            Translocation                4
 l - the Collected Works on Mutagenic Sinister Magic
   (You found it on level 6 of the Dungeon)

   Spells                             Type                      Level
   a - Pain                           Necromancy                   1
   b - Ice Form                       Ice/Transmutation            4
   c - Control Undead                 Necromancy                   4
   d - Petrify                        Transmutation/Earth          4
   e - Cigotuvi's Embrace             Necromancy                   5
 z - a book of Cantrips

   Spells                             Type                      Level
   a - Corona                         Hexes                        1
   b - Animate Skeleton               Necromancy                   1
   c - Summon Small Mammal            Summoning                    1
   d - Apportation                    Translocation                1
Comestibles
 r - 4 meat rations
 N - 2 beef jerkies


   Skills:
 + Level 5.1 Fighting
 * Level 9.4 Axes
 - Level 0.8 Throwing
 * Level 7.4 Armour
 + Level 4.4 Dodging
 - Level 7.0 Spellcasting
 - Level 3.0 Charms
 - Level 4.0 Translocations


You had 19 spell levels left.
You knew the following spells:

 Your Spells              Type           Power        Failure   Level  Hunger
a - Apportation           Tloc           #.........   6%          1    None
b - Blink                 Tloc           N/A          10%         2    ##.....
c - Shroud of Golubria    Chrm/Tloc      #.........   12%         2    ##.....


Dungeon Overview and Level Annotations

Branches:
Dungeon (13/15)            Temple (1/1) D:5            Lair (2/8) D:8
    Orc: D:9-12      Vaults: D:13-14

Altars:
Ashenzari
Cheibriados
Dithmenos
Elyvilon
Fedhas
Gozag
Kikubaaqudgha
Makhleb
Nemelex Xobeh
Okawaru
Qazlal
Ru
Sif Muna
Trog
Vehumet
Xom
Yredelemnul
Zin
The Shining One

Shops:
D:5 *   D:6 [   D:7 *   D:8 :

Annotations:
D:4 krupnik16's ghost, average HEWz


Innate Abilities, Weirdness & Mutations

Your body is rotting away.
You thrive on raw meat.
You have sharp fingernails.
You are carnivorous and can eat meat at any time.
Your flesh is cold resistant.
You are immune to negative energy.
Your system is resistant to poisons.
You heal slowly when monsters are visible.
You are immune to unholy pain and torment.
You can survive without breathing.


Message History

You hit the centaur warrior.
The centaur warrior is almost dead.
The centaur warrior hits you but does no damage.
You hit the centaur warrior.
The centaur warrior is almost dead.
The centaur warrior hits you! x2
* * * LOW HITPOINT WARNING * * *
You barely miss the centaur warrior.
The centaur warrior is almost dead.
You block the centaur warrior's attack.
Drink which item? (? for menu, Esc to quit)
You feel yourself speed up.
The centaur warrior hits you but does no damage.
The centaur warrior hits you!
* * * LOW HITPOINT WARNING * * *
You are very lightly contaminated with residual magic.
You barely miss the centaur warrior.
The centaur warrior is almost dead.
The centaur warrior hits you!
You die...

#.......#
#.......+
#>......#
#.......#
#.>.)...#
#§§§....#
##§######
#§§# #@##
#c# .T.
#....
#.....
#......
#.......
#......
###


You could see a centaur warrior and a troll.

Vanquished Creatures
  2 spiny frogs (Lair:2)
  A troll (D:10)
  A two-headed ogre (D:9)
  5 blink frogs
  A wraith (D:13)
  A deep elf mage (D:9)
  A human (D:7)
  6 wolves
  A deep elf fighter (D:8)
  3 orc warriors
  A porcupine (D:8)
  A water moccasin (Lair:2)
  A black bear (D:7)
  A sky beast (D:8)
  4 ice beasts
  2 phantoms
  2 ogres
  3 crocodiles
  A big kobold (D:8)
  3 centaurs
  12 giant frogs
  2 scorpions
  A wyvern skeleton (D:9)
  2 jellies (D:7)
  A killer bee (D:13)
  3 wights (D:9)
  A goliath beetle (D:8)
  4 crimson imps
  4 hounds
  3 giant frog zombies
  2 centaur zombies (D:9)
  A giant frog skeleton (D:7)
  A quasit (D:7)
  2 centaur skeletons
  9 iguanas
  2 orc priests
  7 orc wizards
  4 worker ants
  4 sheep (Lair:1)
  A hound zombie (D:6)
  A mummy (Ossuary)
  A worker ant zombie (D:9)
  21 adders
  3 gnolls (D:8)
  22 river rats
  2 giant mites
  A shadow imp (D:7)
  4 worms (D:2)
  2 adder skeletons
  4 giant geckos
  An ooze (D:2)
  35 orcs
  2 bat skeletons
  A bat zombie (D:6)
  6 giant cockroaches
  10 goblins
  8 hobgoblins
  11 jackals
  16 kobolds
  8 quokkas
  A ball python (D:1)
  21 bats
  3 giant newts
  9 gnoll skeletons (Ossuary)
  A jackal zombie (D:8)
  4 kobold skeletons (Ossuary)
  12 orc skeletons (Ossuary)
  26 rats
  3 ballistomycetes (D:13)
  8 fungi
  2 plants
356 creatures vanquished.

Vanquished Creatures (others)
  A giant spore (D:13)
  6 fungi
  2 plants (D:8)
9 creatures vanquished.

Grand Total: 365 creatures vanquished

Notes
Turn   | Place    | Note
--------------------------------------------------------------
     0 | D:1      | RepoMan, the Ghoul Warper, began the quest for the Orb.
     0 | D:1      | Reached XP level 1. HP: 17/17 MP: 2/2
    30 | D:1      | Reached skill level 1 in Armour
   135 | D:1      | Reached XP level 2. HP: 14/23 MP: 2/4
   459 | D:1      | Learned a level 2 spell: Blink
   462 | D:1      | Learned a level 2 spell: Shroud of Golubria
   726 | D:2      | Reached XP level 3. HP: 15/29 MP: 4/6
   884 | D:2      | Reached skill level 3 in Translocations
  1078 | D:2      | Reached XP level 4. HP: 25/35 MP: 7/7
  1093 | D:2      | Found a deep blue altar of Sif Muna.
  1523 | D:2      | Found a snail-covered altar of Cheibriados.
  1947 | D:2      | Reached XP level 5. HP: 30/41 MP: 7/10
  2322 | D:3      | Found a shadowy altar of Dithmenos.
  2479 | D:3      | Noticed an orc warrior
  2499 | D:4      | Found a sand-covered staircase.
  2499 | D:4      | Noticed krupnik16's ghost (average HEWz)
  2543 | Ossuary  | Entered an ossuary
  2543 | Ossuary  | Noticed a wraith
  2543 | Ossuary  | Noticed a wraith
  2543 | Ossuary  | Noticed a wraith
  3176 | Ossuary  | Noticed a wraith
  3236 | D:4      | HP: 1/41 [krupnik16's ghost/magic dart (6)]
  3880 | D:3      | Reached XP level 6. HP: 25/48 MP: 12/12
  4515 | D:5      | Entered Level 5 of the Dungeon
  4558 | D:5      | Noticed a blink frog
  4558 | D:5      | an ogre changed into a blink frog
  4642 | D:6      | Found a staircase to the Ecumenical Temple.
  4651 | D:6      | Identified the Collected Works on Mutagenic Sinister Magic (You found it on level 6 of the Dungeon)
  4822 | D:6      | Found Pnaat's Antique Armour Emporium.
  4901 | D:6      | Reached skill level 4 in Spellcasting
  4901 | D:6      | Reached XP level 7. HP: 17/55 MP: 11/15
  5017 | D:6      | Found a bloodstained altar of Trog.
  5971 | D:7      | Found a glowing silver altar of Zin.
  5971 | D:7      | Found a sacrificial altar of Ru.
  6133 | D:7      | Reached skill level 1 in Charms
  6133 | D:7      | Reached XP level 8. HP: 15/59 MP: 2/18
  6403 | D:7      | Reached skill level 5 in Spellcasting
  6755 | D:8      | Reached skill level 5 in Axes
  7552 | D:9      | Noticed a two-headed ogre
  7562 | D:9      | Killed a two-headed ogre
  7594 | D:9      | Reached XP level 9. HP: 52/66 MP: 16/21
  7613 | D:9      | Reached skill level 6 in Axes
  7906 | D:8      | Paralysed by a big kobold for 7 turns
  8244 | D:8      | Found Luebeoth's Book Emporium.
  8630 | D:7      | Reached skill level 7 in Axes
  8810 | D:7      | Found Jostre Tobi's Assorted Antiques.
  8822 | D:7      | Bought a distressingly furry leather armour for 175 gold pieces
  8822 | D:7      | Identified the cursed -2 leather armour "Klimewn" {rPois rF- Str-4 Dex+6} (You bought it in a shop on level 7 of the Dungeon)
  8872 | D:7      | Reached skill level 5 in Armour
  9208 | D:5      | Found an opulent altar of Gozag.
  9308 | D:5      | Found a staircase to the Ecumenical Temple.
  9345 | Temple   | Entered the Ecumenical Temple
  9400 | Temple   | Became a worshipper of Qazlal Stormbringer
  9775 | D:5      | Found Gozag's Platinum Reserve.
 10066 | D:7      | Noticed a human
 10081 | D:7      | Killed a human
 10158 | D:8      | Reached XP level 10. HP: 72/72 MP: 23/23
 10425 | D:8      | Killed a blink frog
 10425 | D:8      | Acquired Qazlal's first power
 10518 | D:8      | Found a staircase to the Lair.
 10536 | D:8      | Reached skill level 8 in Axes
 10813 | Lair:1   | Entered Level 1 of the Lair of Beasts
 11131 | Lair:1   | Got a bone hunting sling
 11163 | Lair:1   | Identified the +6 hunting sling of Sin {speed, Str+2} (You found it on level 1 of the Lair of Beasts)
 12536 | Lair:2   | Acquired Qazlal's second power
 12970 | Lair:2   | Upgraded the game from 0.16.1-66-g04f09c5 to 0.16.2
 13001 | Lair:2   | Reached skill level 9 in Axes
 13386 | Lair:2   | Reached XP level 11. HP: 84/84 MP: 23/25
 13986 | D:9      | Reached skill level 5 in Fighting
 13990 | D:9      | Found a basalt altar of Yredelemnul.
 14202 | D:10     | Entered Level 10 of the Dungeon
 14449 | D:10     | You fall through a shaft for 3 floors!
 14627 | D:13     | Noticed a centaur warrior
 14644 | D:13     | HP: 3/86 [centaur warrior (11)]
 14645 | D:13     | Slain by a centaur warrior

Action                   |  1- 3 |  4- 6 |  7- 9 | 10-12 || total
-------------------------+-------+-------+-------+-------++-------
Melee: Hand axe          |   131 |   493 |   629 |   437 ||  1690
       Dagger            |       |       |       |     4 ||     4
       War axe           |       |       |       |    77 ||    77
 Fire: Blowgun           |       |       |       |    19 ||    19
       Hunting sling     |       |       |       |    12 ||    12
Throw: Javelin           |       |       |    37 |    17 ||    54
       Tomahawk          |       |       |     5 |       ||     5
 Cast: Blink             |     1 |     6 |    32 |    23 ||    62
       Shroud of Golubri |       |    17 |    39 |    46 ||   102
       Apportation       |       |     4 |       |     4 ||     8
Evoke: Wand              |       |     5 |     3 |       ||     8
       Rod               |       |       |    25 |    29 ||    54
  Use: Potion            |     1 |    10 |     3 |     4 ||    18
       Scroll            |       |     2 |    16 |     7 ||    25
  Eat: Chunk             |    10 |    41 |    53 |    45 ||   149
       Meat ration       |       |       |     1 |       ||     1
       Beef jerky        |       |       |     1 |       ||     1
       Pizza             |       |       |       |     1 ||     1
